 Dungeon Crawl Stone Soup version 0.29-a0-2-g12fcac58f8 (webtiles) character file.

Game seed: 16703969418111777483

4114 HallandMoats the Grappler (level 10, -8/86 (90) HPs)
             Began as a Ghoul Monk on Jan 27, 2022.
             Was a Priest of Ru.
             Mangled by Prince Ribbit (12 damage)
             ... on level 7 of the Dungeon.
             The game lasted 00:12:37 (9163 turns).

HallandMoats the Grappler (Ghoul Monk)              Turns: 9163, Time: 00:12:38

HP:   -8/86 (90)    AC: 14    Str: 20      XL:     10   Next: 26%
MP:   24/24         EV: 11    Int:  5      God:    Ru [***...]
Gold: 381           SH:  0    Dex: 10 (11) Spells: 9/9 levels left

rFire   . . .      SeeInvis .     - Unarmed
rCold   + . .      Faith    .   (no shield)
rNeg    + + +      Spirit   .   l - +0 plate armour
rPois   ∞          Reflect  .   o - +1 helmet
rElec   .          Harm     .   (no cloak)
rCorr   .          Rampage  .   (no gloves)
Will    .....                   (no boots)
Stlth   ..........              h - amulet of the acrobat
HPRegen 0.00/turn               b - ring of magical power
MPRegen 0.19/turn               s - +4 ring of evasion

@: exhausted, inhibited regen, lightly drained
A: claws 1, cold resistance 1, negative energy resistance 3, inhibited
regeneration, torment resistance 2, no potion heal 1, inability to use devices
a: Renounce Religion, Draw Out Power


You were on level 7 of the Dungeon.
You worshipped Ru.
Ru was most pleased with you.
You visited 2 branches of the dungeon, and saw 8 of its levels.

You collected 381 gold pieces.

Inventory:

Armour
 l - a +0 plate armour (worn)
 o - a +1 helmet (worn)
Jewellery
 b - a ring of magical power (left claw)
 c - a ring of wizardry
 h - an amulet of the acrobat (around neck)
 s - a +4 ring of evasion (right claw)
Scrolls
 a - 2 scrolls of fog
 e - a scroll of fear
 g - 2 scrolls of amnesia
 i - 2 scrolls of enchant weapon
 p - 2 scrolls of immolation
 r - 2 scrolls of teleportation
Potions
 d - a potion of attraction
 f - a potion of resistance {unknown}
 j - a potion of might
 n - 2 potions of cancellation


   Skills:
 * Level 8.7 Fighting
 + Level 4.4 Armour
 + Level 5.2 Dodging
 - Level 2.1 Stealth
 * Level 8.7 Unarmed Combat
 * Level 8.0 Invocations


You had 9 spell levels left.
You didn't know any spells.
Your spell library contained the following spells:

 Spells                   Type           Power      Damage    Failure   Level
 Corpse Rot               Necr/Air       0%         N/A       100%        2
 Gell's Gravitas          Tloc           0%         N/A       100%        3
 Lesser Beckoning         Tloc           0%         N/A       100%        3
 Teleport Other           Tloc           0%         N/A       100%        3
 Animate Dead             Necr           0%         N/A       100%        4
 Borgnjor's Vile Clutch   Necr/Erth      0%         N/A       100%        5
 Death Channel            Necr           0%         N/A       100%        6
 Maxwell's Capacitive Co  Air            0%         ∞         100%        8
 Chain Lightning          Conj/Air       0%         N/A       100%        9


Dungeon Overview and Level Annotations

Branches:
Dungeon (7/15)             Temple (1/1) D:4

Altars:
Cheibriados
Dithmenos
Elyvilon
Fedhas
Gozag
Hepliaklqana
Kikubaaqudgha
Makhleb
Nemelex Xobeh
Okawaru
Ru
Trog
Uskayaw
Vehumet
Xom
Yredelemnul
Zin
The Shining One

Shops:
D:1 (   D:4 *   D:6 [

Annotations:
D:7 Prince Ribbit


Innate Abilities, Weirdness & Mutations

You thrive by killing the living.
You are immune to poison.
You have sharp fingernails.
Your flesh is cold resistant. (rC+)
You are immune to negative energy. (rN+++)
You do not regenerate when monsters are visible.
You are immune to unholy pain and torment.
Potions are less effective at restoring your health.
You cannot study or use magical devices.


Message History

Prince Ribbit blinks!
The cyclops barely misses you. Prince Ribbit barely misses you.
You scratch the cyclops.
The cyclops is heavily wounded.
You are covered in liquid flames!
You are no longer on fire.
Prince Ribbit hops awkwardly around.
Prince Ribbit closely misses you.
You claw the cyclops!
The cyclops is severely wounded.
Prince Ribbit hits you. The cyclops closely misses you.
You scratch the cyclops. You claw the cyclops.
The cyclops is almost dead.
Prince Ribbit hits you.
The deep elf pyromancer hits you with a +0 long sword.
You scratch the deep elf pyromancer.
The deep elf pyromancer is lightly wounded.
Prince Ribbit hits you but does no damage.
The cyclops hits you but does no damage.
Prince Ribbit hits you!
The deep elf pyromancer hits you but does no damage.
You scratch the deep elf pyromancer.
The deep elf pyromancer is lightly wounded.
Prince Ribbit hits you!
* * * LOW HITPOINT WARNING * * *
The cyclops hits you.
* * * LOW HITPOINT WARNING * * *
You are restored by drawing out deep reserves of power within.
You feel drained.
The deep elf pyromancer stops glowing.
The deep elf pyromancer mumbles some strange words.
The deep elf pyromancer blinks!
Prince Ribbit hits you but does no damage.
The deep elf pyromancer points at you and mumbles some strange words.
The bolt of fire hits you!!
* * * LOW HITPOINT WARNING * * *
The cyclops completely misses you.
You scratch the cyclops. Your claw misses the cyclops.
The cyclops is almost dead.
Prince Ribbit hits you!
You die...

. ### ### #P. ..#
#.#+#.# #.#[#.# #
.###.# #. ...P
#..###C###.# .######
#....F@....# .....).
#...##.####)e# .##..#.#
#..####...# #.#.# ##.
#........#####.#.## ##.
#..##.#.#.#.).#.#.###..
#..#.#.####..#)#..#..#.
#...........#.#)..##..#
#..#######.#.#.)...#..#
#.. #.#.#.#..#.#.#


You could see a cyclops, a deep elf pyromancer and Prince Ribbit.

Vanquished Creatures
  The ghost of issech the Cudgeller, a novice TrFi of Yredelemnul (D:6)
  An unseen horror (D:7)
  A water moccasin (D:7)
  Duvessa (D:7)
  2 necrophages
  An orc warrior (D:6)
  A sky beast (D:7)
  2 ice beasts
  A black bear (D:5)
  3 ogres
  A phantom (D:3)
  3 centaurs
  8 kobold brigands
  2 scorpions
  A bullfrog (D:4)
  A wyvern skeleton (D:6)
  Dowan (D:7)
  A howler monkey (D:7)
  6 wights
  A bullfrog zombie (D:5)
  A jelly (D:5)
  A bullfrog skeleton (D:4)
  5 hounds
  A centaur skeleton (D:4)
  3 orc priests
  Jessica (D:3)
  Ijyb (D:3)
  A scorpion zombie (D:5)
  An iguana (D:6)
  4 orc wizards
  A killer bee zombie (D:6)
  Robin (D:4)
  10 adders
  11 gnolls
  A white imp (D:7)
  4 adder skeletons (D:4)
  2 worms
  2 dart slugs (D:4)
  18 orcs
  5 endoplasms
  5 giant cockroaches
  17 goblins
  7 hobgoblins
  3 jackals (D:6)
  4 kobolds
  7 quokkas
  9 ball pythons
  4 bats
  5 frilled lizards
  3 rats
  A spectral hobgoblin (D:2)
178 creatures vanquished.

Vanquished Creatures (others)
  2 fungi (D:6)
  6 plants
8 creatures vanquished.

Grand Total: 186 creatures vanquished

Notes
Turn   | Place    | Note
-------+----------+-------------------------------------------
     0 | D:1      | HallandMoats the Ghoul Monk began the quest for the Orb.
     0 | D:1      | Reached XP level 1. HP: 19/19 MP: 0/0
   152 | D:1      | Found Juclis's Weapon Shoppe.
   393 | D:1      | Reached XP level 2. HP: 24/26 MP: 1/1
   469 | D:1      | Got Sif Muna's Volume of the Birds
  1019 | D:2      | Reached skill level 1 in Invocations
  1136 | D:2      | Found a faded altar of an unknown god.
  1199 | D:2      | Reached XP level 3. HP: 16/31 MP: 3/3
  1836 | D:3      | Noticed Ijyb
  1846 | D:3      | Killed Ijyb
  1847 | D:3      | Reached XP level 4. HP: 39/40 MP: 4/4
  1882 | D:3      | Found a basalt altar of Yredelemnul.
  1999 | D:3      | Reached skill level 1 in Armour
  2174 | D:3      | Noticed Jessica
  2185 | D:3      | Killed Jessica
  2186 | D:3      | Reached XP level 5. HP: 46/46 MP: 5/5
  3006 | D:4      | Found Mani's Lightly-Used Armoury.
  3230 | D:4      | Noticed a phantom
  3280 | D:3      | Killed a phantom
  3281 | D:3      | Reached XP level 6. HP: 46/53 MP: 7/7
  3359 | D:4      | Found a staircase to the Ecumenical Temple.
  3371 | D:4      | Noticed Robin
  3376 | Temple   | Entered the Ecumenical Temple
  3547 | Temple   | Became a worshipper of Ru the Awakened
  3551 | Temple   | Gained mutation: Potions are less effective at restoring
                  | your health. [Ru sacrifice]
  3596 | D:4      | Killed Robin
  3950 | D:4      | Noticed a necrophage
  3983 | D:4      | Killed a necrophage
  3984 | D:4      | Reached skill level 5 in Fighting
  3984 | D:4      | Reached skill level 5 in Unarmed Combat
  3984 | D:4      | Reached XP level 7. HP: 55/61 MP: 8/8
  4790 | D:5      | Entered Level 5 of the Dungeon
  4802 | D:5      | Reached XP level 8. HP: 39/70 MP: 10/10
  5358 | D:4      | Reached skill level 5 in Invocations
  6253 | D:5      | Found an ancient bone altar of Kikubaaqudgha.
  6588 | D:5      | Reached XP level 9. HP: 15/78 MP: 12/12
  7152 | D:6      | Gained mutation: You cannot study or use magical devices.
                  | [Ru sacrifice]
  7152 | D:6      | Reached * piety under Ru
  7152 | D:6      | Reached ** piety under Ru
  7152 | D:6      | Reached *** piety under Ru
  7412 | D:6      | Found Seaciargh's Armour Boutique.
  7622 | D:6      | Found a runed translucent gate.
  7623 | D:6      | Found a runed translucent gate.
  7624 | D:6      | Found a runed translucent gate.
  7645 | D:6      | Noticed issech's ghost (novice TrFi)
  7697 | D:6      | Found Kolopsey's Antique Armour Boutique.
  7960 | D:6      | Paralysed by a kobold brigand for 6 turns
  8026 | D:6      | HP: 3/74 [issech's ghost (2)]
  8027 | D:6      | Killed issech's ghost
  8030 | D:6      | Reached skill level 5 in Dodging
  8362 | D:7      | Reached XP level 10. HP: 87/88 MP: 14/14
  8381 | D:7      | Noticed an unseen horror
  8635 | D:7      | Killed an unseen horror
  8934 | D:7      | Noticed Dowan
  8947 | D:7      | Killed Dowan
  8947 | D:7      | Noticed Duvessa
  8955 | D:7      | Killed Duvessa
  9143 | D:7      | Noticed a cyclops
  9143 | D:7      | Noticed a deep elf pyromancer
  9143 | D:7      | Noticed Prince Ribbit
  9162 | D:7      | HP: 4/86 [deep elf pyromancer/bolt of fire (33)]
  9163 | D:7      | Mangled by Prince Ribbit

Illustrated notes

Levels and vault maps discovered:
D:1:      dpeg_arrival_circle_labyrinth_a, layout_basic, serial_shops,
          nicolae_shop_bloodbath_and_beyond,
          nicolae_concentric_dashed_squares_mild
D:2:      layout_loops_ring, dreamdust_ecumenical_altar_drowned_temple,
          hangedman_decor_slide_cut
D:3:      layout_loops_ring, yredelemnul_altar_generic, serial_park_tiny_1,
          minmay_quantized, uniq_ijyb, uniq_jessica
D:4:      minmay_chambers_of_fours, layout_rooms, minmay_temple_entry_ruins,
          minmay_shop_damaged, minmay_puff, uniq_robin
D:5:      layout_rooms, overflow_temple_1_default, serial_curves,
          eino_curves_01, eino_curves_03, minmay_misc_feat_tower,
          palyth_stone_intersect
D:6:      layout_cave_pools, gammafunk_ghost_nasty_kobolds, serial_gnoll_camp,
          gnoll_camp_mini_doghouse, gnoll_camp_mini_doghouse,
          gnoll_camp_mini_shop, gnoll_camp_mini_shop
D:7:      layout_rooms, lemuel_tele_altar, serial_shops, shop_fountains,
          serial_bayou_pond_b, grunt_ministairs_15, roderic_lattice_a,
          chequers_garden, minmay_shattered_shrine, uniq_prince_ribbit1,
          uniq_duvessa
Temple:   regret_index_temple_sphere_string

Skill      XL: |  1  2  3  4  5  6  7  8  9 10 |
---------------+-------------------------------+-----
Invocations    | 1 2 3 4 6 7 8 |  8.0
Unarmed Combat | 4 5 6 8 |  8.7
Fighting       | 4 5 6 8 |  8.7
Dodging        | 3 4 5 |  5.2
Armour         | 1 2 3 4 |  4.4
Stealth        | |  2.1

Action                   |  1- 3 |  4- 6 |  7- 9 | 10-12 || total
-------------------------+-------+-------+-------+-------++-------
Melee: Unarmed           |   110 |   212 |   414 |    98 ||   834
       Punch             |     5 |     4 |    15 |     5 ||    29
Invok: Sacrifice Purity  |       |     1 |       |       ||     1
       Draw Out Power    |       |       |     1 |     1 ||     2
       Sacrifice Artific |       |       |     1 |       ||     1
  Use: Scroll            |       |       |    10 |       ||    10
       Potion            |       |       |     6 |       ||     6
 Stab: Sleeping          |       |     1 |       |       ||     1
       Distracted        |       |       |       |     1 ||     1
Armor: Robe              |     8 |       |       |       ||     8
       Ring mail         |    34 |    42 |       |       ||    76
       Plate armour      |       |   100 |   353 |    51 ||   504
Dodge: Dodged            |    64 |   105 |   250 |    49 ||   468

Table legend: (Time is in decaauts)
 A = Elapsed time spent in this place.
 B = Non-inter-level travel time spent in this place.
 C = Inter-level travel time spent in this place.
 D = Time resting spent in this place.
 E = Time spent auto-exploring this place.
 F = Levels seen in this place.
 G = Mean time per level.
                   A        B        C        D        E       F      G
               +--------+--------+--------+--------+--------+-----+--------+
         Total |   9083 |   8784 |    299 |   1651 |   5506 |   8 | 1135.4 |
       Dungeon |   8883 |   8645 |    238 |   1651 |   5383 |   7 | 1269.0 |
        Temple |    200 |    139 |     61 |      0 |    123 |   1 |  200.0 |
               +--------+--------+--------+--------+--------+-----+--------+

Top non-repeatable levels by time:
     D:4: 2197 daAuts
     D:6: 1780 daAuts
     D:5: 1309 daAuts
     D:3: 1196 daAuts
     D:2: 922 daAuts
     D:1: 905 daAuts
     D:7: 572 daAuts
  Temple: 200 daAuts
